Crunch vs Bruins

Created - Monday, March 16, 2015 at 01:13

Goals
1 2 3 T
Crunch 0 2 0 2
Bruins 1 0 0 1
Shots
1 2 3 T
Crunch 6 14 5 25
Bruins 12 9 7 28

1st period

1. Bruins , Kevin Czuczman 24 (Kael Mouillierat) at 13:57

Penalties :
Buddy Robinson (Pro) for Fighting (Major) at 2:50, Danny Syvret (SYR) for Fighting (Major) at 2:50, Danny Syvret (SYR) for instigated a fight (Minor) at 2:50, Danny Syvret (SYR) for instigated a fight (10 Minutes Misconduct) at 2:50, Patrick Bordeleau (Pro) for Hooking (Minor) at 5:29, Conor Allen (Pro) for Charging (Minor) at 7:10, Buddy Robinson (Pro) for Holding (Minor) at 16:54

2nd period

2. Crunch , Ryan Strome 27 (Jordin Tootoo) at 2:08 (PP)
3. Crunch , Eriah Hayes 18 (Casey Wellman, Ryan Strome) at 2:58 (PP)

Penalties :
Patrick Bordeleau (Pro) for Interference (Minor) at 1:14, Dmitry Korobov (Pro) for Holding (Minor) at 2:13, Patrick Bordeleau (Pro) for Holding (Minor) at 4:39

3rd period

No Goal

Penalties :
Patrick Bordeleau (Pro) for Roughing (Minor) at 1:34, Andre Petersson (SYR) for Tripping (Minor) at 13:08

Goalie Stats

Richard Bachman (SYR), 27 saves from 28 shots - (0.964), W, 26-11-4, 60:00 minutes
Andrey Makarov (Pro), 23 saves from 25 shots - (0.920), L, 4-7-10, 59:01 minutes

Players Stats for Crunch

Player Name              G  A  P  +/- PIM S  H  SB GA TA FO     MP     PP MP  PK MP  
------------------------------------------------------------------------------------
Andre Petersson          0  0  0  -1  2   3  1  1  3  1  0/1    12:47   0:00   1:01 
Brodie Reid              0  0  0   0  0   0  0  1  1  0  0/0     9:12   0:00   0:00 
Casey Wellman            0  1  1   0  0   0  1  1  6  0  8/15   18:05   5:52   0:00 
Chad Billins             0  0  0  -1  0   0  3  1  0  1  0/0    25:09   7:30   2:39 
Corban Knight            0  0  0  -1  0   3  1  0  1  0  2/5    12:49   0:00   1:46 
Danny Syvret             0  0  0   0  17  1  1  0  0  0  0/0    17:05   4:39   1:30 
Dustin Jeffrey           0  0  0   0  0   3  0  0  6  0  1/1    18:17   5:52   0:12 
Eriah Hayes              1  0  1   0  0   2  0  0  1  1  0/0    17:54   5:52   0:00 
Jordin Tootoo            0  1  1   0  0   2  0  0  2  0  0/1    17:08   5:23   0:00 
Karl Stollery            0  0  0  -1  0   2  2  0  0  2  0/0    21:11   3:45   0:00 
Markus Lauridsen         0  0  0   0  0   0  1  2  0  1  0/0    16:35   0:00   1:19 
Matt Lindblad            0  0  0   0  0   1  2  0  2  0  1/1    11:20   0:00   2:08 
Mikael Samuelsson        0  0  0  -1  0   4  1  0  3  0  0/1    11:03   0:00   0:00 
Nick Jensen              0  0  0   0  0   0  4  1  0  1  0/0    21:42   2:51   2:28 
Ryan Strome              1  1  2   0  0   3  0  0  5  0  9/19   17:08   5:23   0:00 
Taylor Pyatt             0  0  0   0  0   0  4  0  1  0  0/0    18:28   5:23   0:47 
Travis Oleksuk           0  0  0   0  0   0  0  1  2  2  3/6    11:47   0:00   2:02 
Zach Trotman             0  0  0   0  0   1  1  2  1  0  0/0    18:15   3:45   0:00 

Players Stats for Bruins

Player Name              G  A  P  +/- PIM S  H  SB GA TA FO     MP     PP MP  PK MP  
------------------------------------------------------------------------------------
Andrew Ference           0  0  0   0  0   1  0  0  0  0  0/0     2:55   0:00   0:00 
Anton Lander             0  0  0   0  0   0  0  0  0  0  1/2     2:43   0:00   1:01 
Brandon Alderson         0  0  0   1  0   3  1  0  1  2  2/4    20:36   2:41   2:01 
Buddy Robinson           0  0  0   0  7   4  3  0  1  2  0/4    19:27   1:08   5:03 
Conor Allen              0  0  0   0  2   0  0  0  3  3  0/0    21:45   1:16   3:02 
Dmitry Korobov           0  0  0   1  2   1  2  0  0  3  0/0    23:31   2:42   6:17 
Erik Nystrom             0  0  0   0  0   2  1  0  1  0  0/0     9:11   0:06   0:58 
Jake Newton              0  0  0   0  0   1  1  0  0  2  0/0    15:02   0:00   1:55 
Jim Slater               0  0  0   0  0   2  2  0  2  0  9/12   20:14   1:49   1:54 
John Mitchell A          0  0  0   0  0   1  0  0  0  0  0/0     4:36   0:00   0:00 
Kael Mouillierat         0  1  1   1  0   3  1  1  2  0  5/13   21:02   2:03   3:32 
Kevin Czuczman           1  0  1   1  0   4  2  2  2  3  0/0    24:17   2:42   7:02 
Magnus Nygren            0  0  0   0  0   1  0  1  0  1  0/0    13:06   0:00   0:00 
Marc Hagel               0  0  0   0  0   0  0  0  1  1  1/3     7:11   0:29   0:00 
Patrick Bordeleau        0  0  0   0  8   1  0  0  1  0  0/0    18:35   0:06   0:35 
Patrick Cehlin           0  0  0   0  0   2  2  0  1  2  4/7    19:24   1:18   4:55 
Raman Hrabarenka         0  0  0   0  0   1  1  0  0  3  0/0    22:36   1:16   4:13 
Simon Moser              0  0  0   1  0   1  0  2  0  0  4/5    22:17   2:14   2:27 

3 Stars

1 - Richard Bachman (SYR)
2 - Kevin Czuczman (Pro)
3 - Ryan Strome (SYR)

Power Play

Crunch - 2 on 7 Attempt(s) - 28.57%
Bruins - 0 on 2 Attempt(s) - 0.00%

Penalty Kill

Crunch - 2 on 2 Attempt(s) - 100.00% - Score 0 goal in Penalty Kill
Bruins - 5 on 7 Attempt(s) - 71.43% - Score 0 goal in Penalty Kill

Team Stat

Crunch - Hits : 22 - Faceoff Wins : 24 - Blocked Shots : 10 - Penalty Minutes : 19
Bruins - Hits : 16 - Faceoff Wins : 26 - Blocked Shots : 6 - Penalty Minutes : 19

Official

Referees : Unknown
Linesman : Unknown

Game Notes

Buddy Robinson and Danny Syvret fight to a draw at 2:50 of 1st period
Anton Lander is injured at 6:31 of 1st period (Bruised Right Leg)

Finance

Level 1 -- Attendance: 1416 (70.80%) -- Ticket Income $49,560
Level 2 -- Attendance: 800 (80.00%) -- Ticket Income $12,000
Total Attendance: 2216 (73.87%)
Total Ticket Income: $61,560
Other Income: $30,164
Total Income: $91,724

Crunch

5 vs 5 Forward 
   Center                   Left Wing                Right Wing               Time % Phy DF OF 
 1 Ryan Strome              Jordin Tootoo            Taylor Pyatt             30     1   2  2  
 2 Casey Wellman            Dustin Jeffrey           Eriah Hayes              30     1   2  2  
 3 Corban Knight            Andre Petersson          Mikael Samuelsson        25     1   2  2  
 4 Travis Oleksuk           Matt Lindblad            Brodie Reid              15     1   3  1  

5 vs 5 Defense 
   Defense                  Defense                                           Time % Phy DF OF 
 1 Danny Syvret             Chad Billins                                      34     1   2  2  
 2 Zach Trotman             Karl Stollery                                     33     1   2  2  
 3 Nick Jensen              Markus Lauridsen                                  33     1   2  2  
 4 Danny Syvret             Chad Billins                                      0      0   5  0  

PowerPlay Forward 
   Center                   Left Wing                Right Wing               Time % Phy DF OF 
 1 Ryan Strome              Jordin Tootoo            Taylor Pyatt             50     0   1  4  
 2 Casey Wellman            Dustin Jeffrey           Eriah Hayes              50     0   1  4  

PowerPlay Defense
   Defense                  Defense                                           Time % Phy DF OF 
 1 Danny Syvret             Chad Billins                                      60     0   2  3  
 2 Zach Trotman             Karl Stollery                                     40     0   2  3  

Penalty Kill 4 Players Forward 
   Center                   Wing                     Time % Phy DF OF 
 1 Travis Oleksuk           Andre Petersson          50     1   4  0  
 2 Corban Knight            Matt Lindblad            50     1   4  0  

Penalty Kill 4 Players Defense
   Defense                  Defense                  Time % Phy DF OF 
 1 Nick Jensen              Markus Lauridsen         50     1   4  0  
 2 Danny Syvret             Chad Billins             50     1   4  0  

Penalty Kill - 3 Players Forward 
   Forward                                           Time % Phy DF OF 
 1 Travis Oleksuk                                    50     1   4  0  
 2 Corban Knight                                     50     1   4  0  

Penalty Kill - 3 Players Defense
   Defense                  Defense                  Time % Phy DF OF 
 1 Nick Jensen              Markus Lauridsen         50     1   4  0  
 2 Danny Syvret             Chad Billins             50     1   4  0  

4 vs 4 Forward 
   Center                   Wing                     Time % Phy DF OF 
 1 Ryan Strome              Taylor Pyatt             50     0   2  3  
 2 Casey Wellman            Dustin Jeffrey           50     0   2  3  

4 vs 4 Defense
   Defense                  Defense                  Time % Phy DF OF 
 1 Danny Syvret             Chad Billins             50     1   2  2  
 2 Zach Trotman             Karl Stollery            50     1   2  2  

Last Minutes Offensive
   Center                   Left Wing                Right Wing               Defense                  Defense                  
   Ryan Strome              Jordin Tootoo            Taylor Pyatt             Danny Syvret             Chad Billins             

Last Minutes Defensive
   Center                   Left Wing                Right Wing               Defense                  Defense                  
   Casey Wellman            Andre Petersson          Taylor Pyatt             Danny Syvret             Chad Billins             

Goaltenders
Starting : Richard Bachman          
Backup : John Curry               

Extra Forwards
Normal : Ryan Strome, Casey Wellman, Taylor Pyatt - PP : Ryan Strome, Casey Wellman - PK : Taylor Pyatt
Extra Defensemen
Normal : Danny Syvret, Chad Billins, Karl Stollery - PP : Danny Syvret - PK : Danny Syvret, Chad Billins
Penalty Shots
Eriah Hayes, Ryan Strome, Casey Wellman, Jordin Tootoo, Corban Knight

Bruins

5 vs 5 Forward 
   Center                   Left Wing                Right Wing               Time % Phy DF OF 
 1 Jim Slater               Anton Lander             Patrick Bordeleau        35     1   2  2  
 2 Kael Mouillierat         Simon Moser              Buddy Robinson           30     1   2  2  
 3 Kael Mouillierat         Simon Moser              Brandon Alderson         22     1   2  2  
 4 Buddy Robinson           Patrick Cehlin           Brandon Alderson         13     1   2  2  

5 vs 5 Defense 
   Defense                  Defense                                           Time % Phy DF OF 
 1 Kevin Czuczman           Dmitry Korobov                                    35     1   2  2  
 2 Conor Allen              Raman Hrabarenka                                  30     1   2  2  
 3 Magnus Nygren            Jake Newton                                       22     1   2  2  
 4 Kevin Czuczman           Dmitry Korobov                                    13     1   2  2  

PowerPlay Forward 
   Center                   Left Wing                Right Wing               Time % Phy DF OF 
 1 Simon Moser              Brandon Alderson         Jim Slater               60     1   2  2  
 2 Kael Mouillierat         Patrick Cehlin           Buddy Robinson           40     1   2  2  

PowerPlay Defense
   Defense                  Defense                                           Time % Phy DF OF 
 1 Kevin Czuczman           Dmitry Korobov                                    60     1   2  2  
 2 Conor Allen              Raman Hrabarenka                                  40     1   2  2  

Penalty Kill 4 Players Forward 
   Center                   Wing                     Time % Phy DF OF 
 1 Anton Lander             Buddy Robinson           60     1   2  2  
 2 Brandon Alderson         Kael Mouillierat         40     1   2  2  

Penalty Kill 4 Players Defense
   Defense                  Defense                  Time % Phy DF OF 
 1 Kevin Czuczman           Dmitry Korobov           60     1   2  2  
 2 Conor Allen              Raman Hrabarenka         40     1   2  2  

Penalty Kill - 3 Players Forward 
   Forward                                           Time % Phy DF OF 
 1 Kael Mouillierat                                  60     1   2  2  
 2 Anton Lander                                      40     1   2  2  

Penalty Kill - 3 Players Defense
   Defense                  Defense                  Time % Phy DF OF 
 1 Kevin Czuczman           Dmitry Korobov           60     1   2  2  
 2 Conor Allen              Raman Hrabarenka         40     1   2  2  

4 vs 4 Forward 
   Center                   Wing                     Time % Phy DF OF 
 1 Patrick Bordeleau        Simon Moser              60     1   2  2  
 2 Jim Slater               Kael Mouillierat         40     1   2  2  

4 vs 4 Defense
   Defense                  Defense                  Time % Phy DF OF 
 1 Kevin Czuczman           Dmitry Korobov           60     1   2  2  
 2 Conor Allen              Raman Hrabarenka         40     1   2  2  

Last Minutes Offensive
   Center                   Left Wing                Right Wing               Defense                  Defense                  
   Jim Slater               Anton Lander             Patrick Bordeleau        Kevin Czuczman           Dmitry Korobov           

Last Minutes Defensive
   Center                   Left Wing                Right Wing               Defense                  Defense                  
   Jim Slater               Anton Lander             Patrick Bordeleau        Kevin Czuczman           Dmitry Korobov           

Goaltenders
Starting : Andrey Makarov           
Backup : Jussi Olkinuora          

Extra Forwards
Normal : Simon Moser, Brandon Alderson, Patrick Cehlin - PP : Simon Moser, Brandon Alderson - PK : Patrick Cehlin
Extra Defensemen
Normal : Magnus Nygren, Jake Newton, Conor Allen - PP : Magnus Nygren - PK : Jake Newton, Conor Allen
Penalty Shots
Patrick Bordeleau, Simon Moser, Buddy Robinson, Kael Mouillierat, Patrick Cehlin

% Time on Ice - Crunch

Lines # - Real PCT - Wanted PCT - Time Play
Normal Forward
1 - 28% - 30% - 12:18
2 - 27% - 30% - 12:02
3 - 25% - 25% - 11:03
4 - 21% - 15% - 9:12
Normal Defense
1 - 33% - 34% - 14:38
2 - 33% - 33% - 14:41
3 - 34% - 33% - 15:16
4 - 0% - 0% - 0:00
PP Forward
1 - 48% - 50% - 5:23
2 - 52% - 50% - 5:53
PP Defense
1 - 67% - 60% - 7:31
2 - 33% - 40% - 3:45
PK Forward
1 - 55% - 50% - 2:12
2 - 45% - 50% - 1:46
PK Defense
1 - 33% - 50% - 1:19
2 - 67% - 50% - 2:39
PK3 Forward
1 - 0% - 50%
2 - 0% - 50%
PK3 Defense
1 - 0% - 50%
2 - 0% - 50%
44 Forward
1 - 0% - 50%
2 - 0% - 50%
44 Defense
1 - 0% - 50%
2 - 0% - 50%
Last Minute Offensive  - 0:00
Last Minute Defensive  - 0:11
Total
Forward - 60:00
Defense - 60:00

% Time on Ice - Bruins

Lines # - Real PCT - Wanted PCT - Time Play
Normal Forward
1 - 63% - 35% - 27:39
2 - 16% - 30% - 6:59
3 - 11% - 22% - 5:01
4 - 10% - 13% - 4:25
Normal Defense
1 - 29% - 35% - 12:53
2 - 37% - 30% - 16:25
3 - 30% - 22% - 13:06
4 - 4% - 13% - 1:40
PP Forward
1 - 48% - 60% - 1:55
2 - 52% - 40% - 2:03
PP Defense
1 - 68% - 60% - 2:42
2 - 32% - 40% - 1:16
PK Forward
1 - 82% - 60% - 8:57
2 - 18% - 40% - 2:01
PK Defense
1 - 62% - 60% - 6:45
2 - 38% - 40% - 4:13
PK3 Forward
1 - 100% - 60% - 0:18
2 - 0% - 40% - 0:00
PK3 Defense
1 - 100% - 60% - 0:18
2 - 0% - 40% - 0:00
44 Forward
1 - 0% - 60%
2 - 0% - 40%
44 Defense
1 - 0% - 60%
2 - 0% - 40%
Last Minute Offensive  - 0:42
Last Minute Defensive  - 0:00
Total
Forward - 60:00
Defense - 60:00

Play by Play

1st period


0:01 of 1st period - Jim Slater wins face-off versus Jordin Tootoo in neutral zone.
0:13 of 1st period - Icing by Chad Billins.
0:14 of 1st period - Jim Slater wins face-off versus Ryan Strome in Crunch zone.
0:46 of 1st period - Off-side.
0:47 of 1st period - Dustin Jeffrey wins face-off versus Kael Mouillierat in neutral zone.
0:52 of 1st period - Wrist shot by Dustin Jeffrey.
0:52 of 1st period - Shot Blocked by Kael Mouillierat.
0:54 of 1st period - Wrist shot by Dustin Jeffrey.
0:54 of 1st period - Stopped by Andrey Makarov without a rebound.
0:55 of 1st period - Kael Mouillierat wins face-off versus Casey Wellman in Bruins zone.
1:48 of 1st period - Anton Lander is hit by Mikael Samuelsson and loses puck.
2:50 of 1st period - Buddy Robinson and Danny Syvret fight to a draw.
2:50 of 1st period - Penalty to Buddy Robinson for Fighting.
2:50 of 1st period - Penalty to Danny Syvret for Fighting.
2:50 of 1st period - Penalty to Danny Syvret for instigated a fight.
2:50 of 1st period - Penalty to Danny Syvret for instigated a fight.
2:51 of 1st period - Simon Moser wins face-off versus Andre Petersson in neutral zone.
3:06 of 1st period - Slapshot by Kevin Czuczman.
3:06 of 1st period - Deflect By Jim Slater.
3:06 of 1st period - Shot Misses the Net.
3:06 of 1st period - Puck is out of play.
3:07 of 1st period - Simon Moser wins face-off versus Travis Oleksuk in Crunch zone.
3:08 of 1st period - Slapshot by Kevin Czuczman.
3:08 of 1st period - Shot Blocked by Chad Billins.
3:45 of 1st period - Icing by Kevin Czuczman.
3:46 of 1st period - Travis Oleksuk wins face-off versus Simon Moser in Bruins zone.
4:07 of 1st period - Nick Jensen is hit by Kevin Czuczman and loses puck.
4:34 of 1st period - Conor Allen is hit by Matt Lindblad and loses puck.
4:50 of 1st period - Penalty to Danny Syvret is over, Taylor Pyatt is send on ice.
4:53 of 1st period - Kael Mouillierat is hit by Andre Petersson and loses puck.
5:29 of 1st period - Minor Penalty to Patrick Bordeleau for Hooking.
5:30 of 1st period - Anton Lander wins face-off versus Ryan Strome in Bruins zone.
5:30 of 1st period - Anton Lander is hit by Taylor Pyatt.
5:41 of 1st period - Wrist shot by Jordin Tootoo.
5:41 of 1st period - Deflect By Ryan Strome.
5:41 of 1st period - Deflect By Kevin Czuczman.
5:41 of 1st period - Shot Blocked by Simon Moser.
5:41 of 1st period - Puck is out of play.
5:42 of 1st period - Ryan Strome wins face-off versus Anton Lander in Bruins zone.
5:59 of 1st period - Dmitry Korobov is hit by Taylor Pyatt and loses puck.
6:30 of 1st period - Anton Lander is hit by Nick Jensen and loses puck.
6:31 of 1st period - Anton Lander from Bruins is injured at 6:31 of 1st period (Bruised Right Leg).
6:32 of 1st period - Patrick Cehlin wins face-off versus Casey Wellman in Bruins zone.
7:03 of 1st period - Snap shot by Eriah Hayes.
7:03 of 1st period - Stopped by Andrey Makarov with a rebound.
7:05 of 1st period - Backhand shot by Nick Jensen.
7:05 of 1st period - Shot Blocked by Simon Moser.
7:07 of 1st period - Slapshot by Nick Jensen.
7:07 of 1st period - Deflect By Casey Wellman.
7:07 of 1st period - Shot Misses the Net.
7:07 of 1st period - Puck is out of play.
7:08 of 1st period - Brandon Alderson wins face-off versus Ryan Strome in Bruins zone.
7:10 of 1st period - Minor Penalty to Conor Allen for Charging.
7:11 of 1st period - Ryan Strome wins face-off versus Kael Mouillierat in Bruins zone.
7:29 of 1st period - Penalty to Patrick Bordeleau is over, Patrick Bordeleau is back on ice.
7:40 of 1st period - Snap shot by Ryan Strome.
7:40 of 1st period - Shot Misses the Net.
7:50 of 1st period - Penalty to Buddy Robinson is over, Buddy Robinson is back on ice.
8:28 of 1st period - Wrist shot by Patrick Cehlin.
8:28 of 1st period - Stopped by Richard Bachman with a rebound.
8:30 of 1st period - Slapshot by Jake Newton.
8:30 of 1st period - Deflect By Patrick Cehlin.
8:30 of 1st period - Stopped by Richard Bachman without a rebound.
8:31 of 1st period - Ryan Strome wins face-off versus Patrick Cehlin in Crunch zone.
8:43 of 1st period - Icing by Taylor Pyatt.
8:44 of 1st period - Ryan Strome wins face-off versus Brandon Alderson in Crunch zone.
9:10 of 1st period - Penalty to Conor Allen is over, Conor Allen is back on ice.
9:37 of 1st period - Simon Moser is hit by Nick Jensen.
9:46 of 1st period - Jake Newton is hit by Chad Billins and loses puck.
9:55 of 1st period - Snap shot by Jim Slater.
9:55 of 1st period - Stopped by Richard Bachman without a rebound.
9:56 of 1st period - Travis Oleksuk wins face-off versus Jim Slater in Crunch zone.
10:15 of 1st period - Slapshot by Patrick Bordeleau.
10:15 of 1st period - Stopped by Richard Bachman without a rebound.
10:16 of 1st period - Jim Slater wins face-off versus Travis Oleksuk in Crunch zone.
10:17 of 1st period - Slapshot by Kevin Czuczman.
10:17 of 1st period - Deflect By Jim Slater.
10:17 of 1st period - Stopped by Richard Bachman with a rebound.
10:19 of 1st period - Slapshot by Dmitry Korobov.
10:19 of 1st period - Stopped by Richard Bachman with a rebound.
11:44 of 1st period - Snap shot by Kael Mouillierat.
11:44 of 1st period - Stopped by Richard Bachman without a rebound.
11:45 of 1st period - Casey Wellman wins face-off versus Kael Mouillierat in Crunch zone.
12:19 of 1st period - Magnus Nygren is hit by Chad Billins and loses puck.
12:27 of 1st period - Slapshot by Magnus Nygren.
12:27 of 1st period - Deflect By Chad Billins.
12:27 of 1st period - Stopped by Richard Bachman without a rebound.
12:28 of 1st period - Corban Knight wins face-off versus Jim Slater in Crunch zone.
12:43 of 1st period - Backhand shot by Mikael Samuelsson.
12:43 of 1st period - Stopped by Andrey Makarov with a rebound.
12:45 of 1st period - Slapshot by Karl Stollery.
12:45 of 1st period - Deflect By Kevin Czuczman.
12:45 of 1st period - Stopped by Andrey Makarov with a rebound.
12:49 of 1st period - Snap shot by Andre Petersson.
12:49 of 1st period - Deflect By Jim Slater.
12:49 of 1st period - Stopped by Andrey Makarov without a rebound.
12:50 of 1st period - Ryan Strome wins face-off versus Buddy Robinson in Bruins zone.
13:55 of 1st period - Wrist shot by Kael Mouillierat.
13:55 of 1st period - Stopped by Richard Bachman with a rebound.
13:57 of 1st period - Slapshot by Kevin Czuczman.
13:57 of 1st period - Goal by Kevin Czuczman - Crunch : 0 - Bruins : 1.
13:58 of 1st period - Casey Wellman wins face-off versus Kael Mouillierat in neutral zone.
14:49 of 1st period - Slapshot by Mikael Samuelsson.
14:49 of 1st period - Stopped by Andrey Makarov with a rebound.
15:40 of 1st period - Slapshot by Buddy Robinson.
15:40 of 1st period - Stopped by Richard Bachman with a rebound.
16:08 of 1st period - Slapshot by Erik Nystrom.
16:08 of 1st period - Stopped by Richard Bachman with a rebound.
16:40 of 1st period - Brandon Alderson is hit by Chad Billins and loses puck.
16:54 of 1st period - Minor Penalty to Buddy Robinson for Holding.
16:55 of 1st period - Jim Slater wins face-off versus Casey Wellman in Bruins zone.
17:27 of 1st period - Kael Mouillierat is hit by Casey Wellman and loses puck.
17:50 of 1st period - 10 Minutes Misconduct Penalty to Danny Syvret is over.
17:54 of 1st period - Kevin Czuczman is hit by Karl Stollery and loses puck.
18:02 of 1st period - Icing by Jordin Tootoo.
18:03 of 1st period - Jim Slater wins face-off versus Ryan Strome in Crunch zone.
18:35 of 1st period - Icing by Dustin Jeffrey.
18:36 of 1st period - Jim Slater wins face-off versus Casey Wellman in Crunch zone.
18:54 of 1st period - Penalty to Buddy Robinson is over, Buddy Robinson is back on ice.
19:11 of 1st period - Andre Petersson is hit by Erik Nystrom and loses puck.
19:22 of 1st period - Slapshot by Patrick Bordeleau.
19:22 of 1st period - Shot Blocked by Nick Jensen.
19:24 of 1st period - Wrist shot by Magnus Nygren.
19:24 of 1st period - Shot Misses the Net.
19:26 of 1st period - Wrist shot by Erik Nystrom.
19:26 of 1st period - Shot Misses the Net.
19:58 of 1st period - Snap shot by Kael Mouillierat.
19:58 of 1st period - Shot Blocked by Markus Lauridsen.
Goals for this period are 0 for Crunch vs 1 for Bruins.
Shots for this period are 6 for Crunch vs 12 for Bruins.

2nd period


0:01 of 2nd period - Casey Wellman wins face-off versus Brandon Alderson in neutral zone.
0:36 of 2nd period - Wrist shot by Eriah Hayes.
0:36 of 2nd period - Deflect By Dustin Jeffrey.
0:36 of 2nd period - Stopped by Andrey Makarov with a rebound.
0:43 of 2nd period - Icing by Brandon Alderson.
0:44 of 2nd period - Kael Mouillierat wins face-off versus Ryan Strome in Bruins zone.
1:14 of 2nd period - Minor Penalty to Patrick Bordeleau for Interference.
1:15 of 2nd period - Casey Wellman wins face-off versus Patrick Cehlin in Bruins zone.
1:34 of 2nd period - Snap shot by Buddy Robinson.
1:34 of 2nd period - Stopped by Richard Bachman without a rebound.
1:35 of 2nd period - Casey Wellman wins face-off versus Buddy Robinson in Crunch zone.
2:08 of 2nd period - Backhand shot by Ryan Strome.
2:08 of 2nd period - Goal by Ryan Strome - Crunch : 1 - Bruins : 1.
2:09 of 2nd period - Ryan Strome wins face-off versus Kael Mouillierat in neutral zone.
2:13 of 2nd period - Minor Penalty to Dmitry Korobov for Holding.
2:14 of 2nd period - Brandon Alderson wins face-off versus Ryan Strome in Bruins zone.
2:42 of 2nd period - Slapshot by Chad Billins.
2:42 of 2nd period - Shot Misses the Net.
2:58 of 2nd period - Wrist shot by Eriah Hayes.
2:58 of 2nd period - Goal by Eriah Hayes - Crunch : 2 - Bruins : 1.
2:59 of 2nd period - Kael Mouillierat wins face-off versus Casey Wellman in neutral zone.
3:18 of 2nd period - Slapshot by Brandon Alderson.
3:18 of 2nd period - Stopped by Richard Bachman without a rebound.
3:19 of 2nd period - Casey Wellman wins face-off versus Kael Mouillierat in Crunch zone.
4:02 of 2nd period - Zach Trotman is hit by Raman Hrabarenka and loses puck.
4:13 of 2nd period - Snap shot by Taylor Pyatt.
4:13 of 2nd period - Shot Misses the Net.
4:29 of 2nd period - Wrist shot by Jordin Tootoo.
4:29 of 2nd period - Stopped by Andrey Makarov with a rebound.
4:31 of 2nd period - Snap shot by Jordin Tootoo.
4:31 of 2nd period - Stopped by Andrey Makarov with a rebound.
4:39 of 2nd period - Minor Penalty to Patrick Bordeleau for Holding.
4:40 of 2nd period - Patrick Cehlin wins face-off versus Casey Wellman in Bruins zone.
4:57 of 2nd period - Snap shot by Dustin Jeffrey.
4:57 of 2nd period - Shot Misses the Net.
4:59 of 2nd period - Snap shot by Dustin Jeffrey.
4:59 of 2nd period - Stopped by Andrey Makarov with a rebound.
5:31 of 2nd period - Zach Trotman is hit by Kael Mouillierat and loses puck.
6:00 of 2nd period - Wrist shot by Ryan Strome.
6:00 of 2nd period - Stopped by Andrey Makarov without a rebound.
6:01 of 2nd period - Jim Slater wins face-off versus Ryan Strome in Bruins zone.
6:32 of 2nd period - Slapshot by Casey Wellman.
6:32 of 2nd period - Shot Blocked by Kevin Czuczman.
6:34 of 2nd period - Slapshot by Karl Stollery.
6:34 of 2nd period - Stopped by Andrey Makarov with a rebound.
6:39 of 2nd period - Penalty to Patrick Bordeleau is over, Patrick Bordeleau is back on ice.
6:44 of 2nd period - Taylor Pyatt is hit by Buddy Robinson.
7:00 of 2nd period - Snap shot by Brandon Alderson.
7:00 of 2nd period - Shot Misses the Net.
7:08 of 2nd period - Snap shot by Brandon Alderson.
7:08 of 2nd period - Stopped by Richard Bachman without a rebound.
7:09 of 2nd period - Simon Moser wins face-off versus Corban Knight in Crunch zone.
7:14 of 2nd period - Slapshot by Kael Mouillierat.
7:14 of 2nd period - Deflect By Simon Moser.
7:14 of 2nd period - Stopped by Richard Bachman with a rebound.
7:16 of 2nd period - Snap shot by Magnus Nygren.
7:16 of 2nd period - Shot Blocked by Markus Lauridsen.
8:20 of 2nd period - Wrist shot by Matt Lindblad.
8:20 of 2nd period - Stopped by Andrey Makarov without a rebound.
8:21 of 2nd period - Casey Wellman wins face-off versus Buddy Robinson in Bruins zone.
8:38 of 2nd period - Casey Wellman is hit by Patrick Cehlin and loses puck.
9:43 of 2nd period - Snap shot by Mikael Samuelsson.
9:43 of 2nd period - Stopped by Andrey Makarov with a rebound.
9:57 of 2nd period - Wrist shot by Taylor Pyatt.
9:57 of 2nd period - Deflect By Ryan Strome.
9:57 of 2nd period - Stopped by Andrey Makarov with a rebound.
11:04 of 2nd period - Snap shot by Kael Mouillierat.
11:04 of 2nd period - Stopped by Richard Bachman with a rebound.
11:23 of 2nd period - Slapshot by Karl Stollery.
11:23 of 2nd period - Shot Blocked by Kevin Czuczman.
11:25 of 2nd period - Wrist shot by Corban Knight.
11:25 of 2nd period - Shot Misses the Net.
11:27 of 2nd period - Wrist shot by Andre Petersson.
11:27 of 2nd period - Stopped by Andrey Makarov without a rebound.
11:28 of 2nd period - Kael Mouillierat wins face-off versus Mikael Samuelsson in Bruins zone.
13:37 of 2nd period - Casey Wellman is hit by Buddy Robinson and loses puck.
13:46 of 2nd period - Slapshot by Buddy Robinson.
13:46 of 2nd period - Stopped by Richard Bachman with a rebound.
14:16 of 2nd period - Slapshot by Zach Trotman.
14:16 of 2nd period - Stopped by Andrey Makarov with a rebound.
14:52 of 2nd period - Karl Stollery is hit by Brandon Alderson.
15:21 of 2nd period - Wrist shot by Erik Nystrom.
15:21 of 2nd period - Shot Misses the Net.
15:57 of 2nd period - Snap shot by Corban Knight.
15:57 of 2nd period - Stopped by Andrey Makarov with a rebound.
16:46 of 2nd period - Raman Hrabarenka is hit by Nick Jensen and loses puck.
17:01 of 2nd period - Icing by Taylor Pyatt.
17:02 of 2nd period - Kael Mouillierat wins face-off versus Ryan Strome in Crunch zone.
17:07 of 2nd period - Snap shot by Erik Nystrom.
17:07 of 2nd period - Stopped by Richard Bachman with a rebound.
17:09 of 2nd period - Slapshot by Raman Hrabarenka.
17:09 of 2nd period - Stopped by Richard Bachman without a rebound.
17:10 of 2nd period - Corban Knight wins face-off versus Kael Mouillierat in Crunch zone.
19:32 of 2nd period - Snap shot by Andrew Ference.
19:32 of 2nd period - Stopped by Richard Bachman without a rebound.
19:33 of 2nd period - Ryan Strome wins face-off versus Marc Hagel in Crunch zone.
Goals for this period are 2 for Crunch vs 0 for Bruins.
Shots for this period are 14 for Crunch vs 9 for Bruins.

3rd period


0:01 of 3rd period - Casey Wellman wins face-off versus Kael Mouillierat in neutral zone.
0:58 of 3rd period - Jordin Tootoo is hit by Dmitry Korobov.
1:34 of 3rd period - Minor Penalty to Patrick Bordeleau for Roughing.
1:35 of 3rd period - Patrick Cehlin wins face-off versus Ryan Strome in Bruins zone.
1:51 of 3rd period - Slapshot by Danny Syvret.
1:51 of 3rd period - Stopped by Andrey Makarov without a rebound.
1:52 of 3rd period - Patrick Cehlin wins face-off versus Ryan Strome in Bruins zone.
1:52 of 3rd period - Patrick Cehlin is hit by Taylor Pyatt.
2:48 of 3rd period - Slapshot by Kevin Czuczman.
2:48 of 3rd period - Stopped by Richard Bachman without a rebound.
2:49 of 3rd period - Ryan Strome wins face-off versus Patrick Cehlin in Crunch zone.
3:34 of 3rd period - Penalty to Patrick Bordeleau is over, Patrick Bordeleau is back on ice.
3:58 of 3rd period - Corban Knight is hit by Kevin Czuczman and loses puck.
4:20 of 3rd period - Conor Allen is hit by Markus Lauridsen and loses puck.
4:53 of 3rd period - Slapshot by Jim Slater.
4:53 of 3rd period - Deflect By Brandon Alderson.
4:53 of 3rd period - Shot Misses the Net.
4:53 of 3rd period - Puck is out of play.
4:54 of 3rd period - Travis Oleksuk wins face-off versus Jim Slater in Crunch zone.
4:54 of 3rd period - Travis Oleksuk is hit by Jim Slater.
5:47 of 3rd period - Magnus Nygren is hit by Taylor Pyatt and loses puck.
5:58 of 3rd period - Snap shot by Ryan Strome.
5:58 of 3rd period - Deflect By Jordin Tootoo.
5:58 of 3rd period - Shot Blocked by Magnus Nygren.
5:58 of 3rd period - Puck is out of play.
5:59 of 3rd period - Jim Slater wins face-off versus Casey Wellman in Bruins zone.
5:59 of 3rd period - Jim Slater is hit by Karl Stollery.
6:07 of 3rd period - Snap shot by Jim Slater.
6:07 of 3rd period - Shot Blocked by Casey Wellman.
6:53 of 3rd period - Patrick Cehlin is hit by Zach Trotman and loses puck.
7:38 of 3rd period - Slapshot by Kevin Czuczman.
7:38 of 3rd period - Shot Blocked by Andre Petersson.
8:10 of 3rd period - Slapshot by Patrick Cehlin.
8:10 of 3rd period - Shot Misses the Net.
8:18 of 3rd period - Matt Lindblad is hit by Patrick Cehlin and loses puck.
8:35 of 3rd period - Dustin Jeffrey is hit by Jim Slater and loses puck.
10:17 of 3rd period - Nick Jensen is hit by Dmitry Korobov and loses puck.
10:30 of 3rd period - Erik Nystrom is hit by Nick Jensen and loses puck.
11:22 of 3rd period - Slapshot by Jake Newton.
11:22 of 3rd period - Stopped by Richard Bachman with a rebound.
11:50 of 3rd period - Snap shot by Corban Knight.
11:50 of 3rd period - Stopped by Andrey Makarov with a rebound.
11:52 of 3rd period - Snap shot by Andre Petersson.
11:52 of 3rd period - Stopped by Andrey Makarov with a rebound.
11:54 of 3rd period - Snap shot by Corban Knight.
11:54 of 3rd period - Stopped by Andrey Makarov with a rebound.
12:18 of 3rd period - Slapshot by Kevin Czuczman.
12:18 of 3rd period - Shot Blocked by Travis Oleksuk.
13:03 of 3rd period - Slapshot by Andrew Ference.
13:03 of 3rd period - Deflect By Matt Lindblad.
13:03 of 3rd period - Shot Blocked by Brodie Reid.
13:03 of 3rd period - Puck is out of play.
13:04 of 3rd period - Marc Hagel wins face-off versus Corban Knight in Crunch zone.
13:08 of 3rd period - Minor Penalty to Andre Petersson for Tripping.
13:09 of 3rd period - Simon Moser wins face-off versus Travis Oleksuk in Crunch zone.
13:27 of 3rd period - Wrist shot by Brandon Alderson.
13:27 of 3rd period - Stopped by Richard Bachman with a rebound.
13:41 of 3rd period - Conor Allen is hit by Corban Knight and loses puck.
14:05 of 3rd period - Slapshot by Kevin Czuczman.
14:05 of 3rd period - Shot Misses the Net.
14:09 of 3rd period - Slapshot by Kevin Czuczman.
14:09 of 3rd period - Stopped by Richard Bachman with a rebound.
14:11 of 3rd period - Snap shot by Jim Slater.
14:11 of 3rd period - Shot Misses the Net.
14:13 of 3rd period - Slapshot by Dmitry Korobov.
14:13 of 3rd period - Shot Misses the Net.
15:08 of 3rd period - Penalty to Andre Petersson is over, Andre Petersson is back on ice.
15:12 of 3rd period - Erik Nystrom is hit by Danny Syvret and loses puck.
15:59 of 3rd period - Snap shot by Brandon Alderson.
15:59 of 3rd period - Deflect By Corban Knight.
15:59 of 3rd period - Shot Blocked by Zach Trotman.
15:59 of 3rd period - Puck is out of play.
16:00 of 3rd period - Jim Slater wins face-off versus Corban Knight in Crunch zone.
16:01 of 3rd period - Wrist shot by Erik Nystrom.
16:01 of 3rd period - Shot Misses the Net.
16:25 of 3rd period - Snap shot by Mikael Samuelsson.
16:25 of 3rd period - Stopped by Andrey Makarov without a rebound.
16:26 of 3rd period - Ryan Strome wins face-off versus Buddy Robinson in Bruins zone.
17:24 of 3rd period - Chad Billins is hit by Jake Newton and loses puck.
18:08 of 3rd period - Snap shot by Kevin Czuczman.
18:08 of 3rd period - Shot Blocked by Zach Trotman.
18:38 of 3rd period - Slapshot by Kevin Czuczman.
18:38 of 3rd period - Stopped by Richard Bachman with a rebound.
18:52 of 3rd period - Chad Billins is hit by Buddy Robinson and loses puck.
19:01 of 3rd period - Bruins, Andrey Makarov is pulled from the net.
19:03 of 3rd period - Slapshot by Buddy Robinson.
19:03 of 3rd period - Deflect By John Mitchell A.
19:03 of 3rd period - Stopped by Richard Bachman with a rebound.
19:05 of 3rd period - Slapshot by Buddy Robinson.
19:05 of 3rd period - Stopped by Richard Bachman without a rebound.
19:06 of 3rd period - Doug Weight call a timeout for Bruins.
19:06 of 3rd period - Matt Lindblad wins face-off versus Marc Hagel in Crunch zone.
19:38 of 3rd period - Simon Moser is hit by Matt Lindblad and loses puck.
Goals for this period are 0 for Crunch vs 0 for Bruins.
Shots for this period are 5 for Crunch vs 7 for Bruins.


Output by the SimonT Hockey Simulator (STHS) for Eric Dolegowski -- Original Page W3C XHTML 1.0 Valid
Hockey Simulator - Hockey Simulation - Hockey Manager